1984 views
Uploaded 2023-07-05 17:37:10
Game version 1.36 (6115)
17:19 long 4on4 ladder game on (8)Feralas_S2
Saved by DKnight
1984 views
Uploaded 2023-07-05 17:37:10
Game version 1.36 (6115)
17:19 long 4on4 ladder game on (8)Feralas_S2


110 units @ 18.4k
/ 3k
57 buildings @ 8.6k
/ 3.7k

| Scroll of Town Portal | 1 | 350 |
| total: | 1 | 350g |
| Peasant | 11 | 825 | / | 0 |
| Rifleman | 9 | 1845 | / | 270 |
| Priest | 4 | 540 | / | 40 |
| Sorceress | 5 | 775 | / | 100 |
| total: | 29 | 3985g | / | 410w |
| Altar of Kings | 1 | 180 | / | 50 |
| Barracks | 1 | 160 | / | 60 |
| Farm | 8 | 640 | / | 160 |
| Blacksmith | 1 | 140 | / | 60 |
| Arcane Vault | 1 | 130 | / | 30 |
| Town Hall | 1 | 385 | / | 205 |
| Arcane Sanctum | 2 | 300 | / | 280 |
| Keep | 1 | 320 | / | 210 |
| Castle | 1 | 360 | / | 210 |
| total: | 15 | 1935g | / | 845w |
| 0:03 | Peasant |
| 0:03 | Peasant |
| 0:04 | Peasant |
| 0:21 | Altar of Kings |
| 0:38 | Barracks |
| 0:41 | Peasant |
| 0:52 | Farm |
| 0:56 | Peasant |
| 1:04 | Peasant |
| 1:22 | Blacksmith |
| 1:26 | Peasant |
| 1:31 | Farm |
| 1:42 | Peasant |
| 2:09 | Farm |
| 2:15 | Peasant |
| 2:31 | Keep |
| 2:43 | Rifleman |
| 2:52 | Farm |
| 3:00 | Summon Water Elemental |
| 3:09 | Arcane Vault |
| 3:20 | Rifleman |
| 4:09 | Brilliance Aura |
| 4:16 | Rifleman |
| 4:18 | Black Gunpowder |
| 4:22 | Farm |
| 4:26 | Farm |
| 5:09 | Long Rifles |
| 5:12 | Arcane Sanctum |
| 5:17 | Arcane Sanctum |
| 5:38 | Summon Water Elemental |
| 6:09 | Priest |
| 6:09 | Sorceress |
| 6:12 | Rifleman |
| 6:47 | Castle |
| 6:49 | Rifleman |
| 6:53 | Farm |
| 6:56 | Farm |
| 7:33 | Sorceress |
| 7:35 | Priest |
| 7:39 | Brilliance Aura |
| 7:44 | Priest Adept Training |
| 7:44 | Sorceress Adept Training |
| 9:29 | Summon Water Elemental |
| 10:05 | Priest |
| 10:05 | Sorceress |
| 10:07 | Priest Master Training |
| 10:07 | Sorceress Master Training |
| 10:09 | Refined Gunpowder |
| 10:09 | Studded Leather Armor |
| 11:40 | Rifleman |
| 11:40 | Rifleman |
| 11:40 | Rifleman |
| 12:28 | Sorceress |
| 12:45 | Peasant |
| 12:45 | Peasant |
| 13:32 | Town Hall |
| 14:19 | Sorceress |
| 14:43 | Rifleman |
| 14:52 | Scroll of Town Portal |
| 15:00 | Imbued Gunpowder |
| 16:01 | Mass Teleport |
| 17:16 | Priest |
| Right click | 511 |
| Select group | 447 |
| Select | 258 |
| Build/train/purchase | 81 |
| Assign group | 37 |
| Use ability | 12 |
| Misc. action | 3 |
| Item give/drop | 2 |


| Rod of Necromancy | 3 | 450 |
| Orb of Corruption | 1 | 375 |
| Potion of Healing | 1 | 150 |
| Potion of Mana | 1 | 200 |
| Scroll of Town Portal | 1 | 350 |
| total: | 7 | 1525g |
| Acolyte | 2 | 150 | / | 0 |
| Ghoul | 3 | 360 | / | 0 |
| Crypt Fiend | 12 | 2580 | / | 480 |
| Obsidian Statue | 6 | 1200 | / | 210 |
| Gargoyle | 1 | 175 | / | 30 |
| total: | 24 | 4465g | / | 720w |
| Nerubian Tower | 1 | 100 | / | 20 |
| Crypt | 1 | 200 | / | 50 |
| Graveyard | 1 | 215 | / | 0 |
| Altar of Darkness | 1 | 180 | / | 50 |
| Ziggurat | 6 | 900 | / | 300 |
| Tomb of Relics | 1 | 130 | / | 30 |
| Slaughterhouse | 1 | 140 | / | 135 |
| Halls of the Dead | 1 | 320 | / | 210 |
| Black Citadel | 1 | 325 | / | 230 |
| total: | 11 | 1765g | / | 565w |
| 0:04 | Acolyte |
| 0:08 | Crypt |
| 0:09 | Graveyard |
| 0:21 | Acolyte |
| 0:44 | Altar of Darkness |
| 1:00 | Ziggurat |
| 1:11 | Ghoul |
| 1:25 | Tomb of Relics |
| 1:51 | Crypt Fiend |
| 2:07 | Ziggurat |
| 2:24 | Crypt Fiend |
| 2:48 | Rod of Necromancy |
| 2:52 | Death Coil |
| 3:05 | Crypt Fiend |
| 3:32 | Halls of the Dead |
| 3:46 | Ghoul |
| 3:51 | Nerubian Tower |
| 3:56 | Unholy Aura |
| 4:04 | Rod of Necromancy |
| 4:26 | Ghoul |
| 4:27 | Ziggurat |
| 4:48 | Crypt Fiend |
| 5:08 | Death Coil |
| 5:42 | Crypt Fiend |
| 5:43 | Ziggurat |
| 6:34 | Slaughterhouse |
| 7:37 | Crypt Fiend |
| 7:37 | Crypt Fiend |
| 7:50 | Rod of Necromancy |
| 7:56 | Black Citadel |
| 8:02 | Frost Nova |
| 8:30 | Obsidian Statue |
| 8:30 | Web |
| 9:03 | Crypt Fiend |
| 9:23 | Creature Attack |
| 9:24 | Ziggurat |
| 9:47 | Obsidian Statue |
| 10:12 | Scroll of Town Portal |
| 10:41 | Orb of Corruption |
| 10:59 | Destroyer Form |
| 11:07 | Unholy Aura |
| 11:19 | Dark Ritual |
| 11:41 | Obsidian Statue |
| 11:41 | Gargoyle |
| 11:44 | Crypt Fiend |
| 12:28 | Improved Creature Attack |
| 12:29 | Crypt Fiend |
| 12:29 | Crypt Fiend |
| 12:58 | Obsidian Statue |
| 13:07 | Potion of Healing |
| 13:08 | Potion of Mana |
| 13:32 | Obsidian Statue |
| 14:17 | Ziggurat |
| 14:18 | Creature Carapace |
| 16:16 | Frost Nova |
| 16:23 | Death Coil |
| 16:34 | Obsidian Statue |
| 16:34 | Crypt Fiend |
| 16:47 | Dark Ritual |
| Right click | 685 |
| Select group | 621 |
| Select | 242 |
| Assign group | 81 |
| Use ability | 81 |
| Build/train/purchase | 76 |
| Misc. action | 37 |
| Chat | 20 |
| Resource trade | 18 |
| Item give/drop | 2 |
| Remove unit | 1 |
| Minimap ping | 1 |


| Rod of Necromancy | 3 | 450 |
| Orb of Corruption | 1 | 375 |
| Potion of Healing | 1 | 150 |
| Scroll of Healing | 2 | 500 |
| total: | 7 | 1475g |
| Acolyte | 8 | 600 | / | 0 |
| Ghoul | 2 | 240 | / | 0 |
| Crypt Fiend | 17 | 3655 | / | 680 |
| Gargoyle | 1 | 175 | / | 30 |
| Obsidian Statue | 1 | 200 | / | 35 |
| Abomination | 1 | 240 | / | 70 |
| Frost Wyrm | 3 | 1155 | / | 360 |
| total: | 33 | 6265g | / | 1175w |
| Spirit Tower | 2 | 290 | / | 80 |
| Crypt | 1 | 200 | / | 50 |
| Graveyard | 1 | 215 | / | 0 |
| Altar of Darkness | 1 | 180 | / | 50 |
| Ziggurat | 6 | 900 | / | 300 |
| Tomb of Relics | 1 | 130 | / | 30 |
| Necropolis | 1 | 225 | / | 0 |
| Slaughterhouse | 3 | 420 | / | 405 |
| Boneyard | 1 | 175 | / | 200 |
| Halls of the Dead | 2 | 640 | / | 420 |
| Black Citadel | 2 | 650 | / | 460 |
| total: | 15 | 2445g | / | 1035w |
| 0:03 | Acolyte |
| 0:03 | Acolyte |
| 0:05 | Crypt |
| 0:27 | Graveyard |
| 0:47 | Altar of Darkness |
| 0:55 | Ziggurat |
| 1:08 | Ghoul |
| 1:22 | Tomb of Relics |
| 1:41 | Ziggurat |
| 1:56 | Ghoul |
| 2:22 | Crypt Fiend |
| 2:47 | Rod of Necromancy |
| 2:48 | Death Coil |
| 2:51 | Crypt Fiend |
| 3:12 | Acolyte |
| 3:20 | Crypt Fiend |
| 3:42 | Halls of the Dead |
| 4:12 | Unholy Aura |
| 4:25 | Necropolis |
| 4:53 | Crypt Fiend |
| 4:59 | Rod of Necromancy |
| 5:35 | Death Coil |
| 5:40 | Creature Attack |
| 6:01 | Crypt Fiend |
| 6:23 | Crypt Fiend |
| 7:04 | Black Citadel |
| 7:06 | Ziggurat |
| 7:37 | Crypt Fiend |
| 7:49 | Ziggurat |
| 8:06 | Frost Nova |
| 8:44 | Death Pact |
| 9:13 | Crypt Fiend |
| 9:21 | Slaughterhouse |
| 9:26 | Acolyte |
| 9:26 | Acolyte |
| 9:28 | Spirit Tower |
| 9:38 | Slaughterhouse |
| 9:42 | Acolyte |
| 9:42 | Acolyte |
| 9:43 | Ziggurat |
| 10:19 | Acolyte |
| 10:20 | Ziggurat |
| 10:22 | Crypt Fiend |
| 10:58 | Crypt Fiend |
| 11:01 | Boneyard |
| 11:02 | Gargoyle |
| 11:06 | Obsidian Statue |
| 12:04 | Crypt Fiend |
| 12:15 | Crypt Fiend |
| 12:16 | Crypt Fiend |
| 12:17 | Abomination |
| 12:22 | Dark Ritual |
| 12:28 | Crypt Fiend |
| 12:33 | Destroyer Form |
| 13:00 | Crypt Fiend |
| 13:09 | Orb of Corruption |
| 13:10 | Scroll of Healing |
| 13:11 | Potion of Healing |
| 13:14 | Scroll of Healing |
| 13:19 | Rod of Necromancy |
| 13:33 | Crypt Fiend |
| 14:26 | Slaughterhouse |
| 14:28 | Frost Wyrm |
| 14:34 | Improved Creature Attack |
| 14:35 | Creature Carapace |
| 15:15 | Frost Wyrm |
| 16:02 | Crypt Fiend |
| 16:03 | Frost Wyrm |
| 16:23 | Death Coil |
| 16:28 | Frost Nova |
| 16:50 | Advanced Creature Attack |
| Right click | 1038 |
| Select group | 738 |
| Select | 351 |
| Build/train/purchase | 91 |
| Misc. action | 86 |
| Assign group | 47 |
| Use ability | 36 |
| Resource trade | 31 |
| Chat | 10 |
| Item give/drop | 1 |
| Remove unit | 1 |


| Healing Salve | 2 | 200 |
| Lesser Clarity Potion | 1 | 70 |
| Scroll of Speed | 1 | 50 |
| Scroll of Town Portal | 1 | 350 |
| total: | 5 | 670g |
| Peon | 8 | 600 | / | 0 |
| Raider | 9 | 1620 | / | 360 |
| Tauren | 2 | 560 | / | 160 |
| Spirit Walker | 1 | 195 | / | 35 |
| Wind Rider | 1 | 265 | / | 40 |
| Shaman | 2 | 260 | / | 40 |
| Troll Witch Doctor | 1 | 145 | / | 25 |
| total: | 24 | 3645g | / | 660w |
| Orc Burrow | 7 | 1120 | / | 280 |
| Altar of Storms | 1 | 180 | / | 50 |
| Voodoo Lounge | 1 | 130 | / | 30 |
| War Mill | 1 | 205 | / | 0 |
| Beastiary | 3 | 435 | / | 420 |
| Tauren Totem | 2 | 270 | / | 310 |
| Spirit Lodge | 1 | 150 | / | 150 |
| Stronghold | 2 | 630 | / | 380 |
| Fortress | 1 | 325 | / | 190 |
| total: | 16 | 2490g | / | 1240w |
| 0:03 | Peon |
| 0:03 | Peon |
| 0:21 | Orc Burrow |
| 0:35 | Peon |
| 0:39 | Peon |
| 0:51 | Altar of Storms |
| 0:58 | Peon |
| 0:58 | Peon |
| 1:22 | Peon |
| 1:35 | Orc Burrow |
| 2:00 | Voodoo Lounge |
| 2:07 | Peon |
| 2:23 | Stronghold |
| 2:55 | Orc Burrow |
| 3:11 | Healing Salve |
| 3:11 | Lesser Clarity Potion |
| 3:15 | Endurance Aura |
| 3:40 | War Mill |
| 4:15 | Orc Burrow |
| 4:51 | Beastiary |
| 4:51 | Beastiary |
| 4:53 | Beastiary |
| 4:59 | Pillage |
| 5:02 | Steel Armor |
| 5:56 | Ensnare |
| 5:58 | Raider |
| 6:01 | Healing Salve |
| 6:15 | Raider |
| 6:16 | Raider |
| 6:36 | Hex |
| 6:49 | Raider |
| 6:51 | Steel Melee Weapons |
| 6:58 | Raider |
| 7:01 | Orc Burrow |
| 7:23 | Raider |
| 7:45 | Raider |
| 7:52 | Raider |
| 7:53 | Raider |
| 8:15 | Thorium Melee Weapons |
| 8:45 | Fortress |
| 9:36 | Scroll of Town Portal |
| 9:37 | Scroll of Speed |
| 9:55 | Thorium Armor |
| 10:38 | Shockwave |
| 11:03 | Healing Wave |
| 11:21 | Tauren Totem |
| 11:23 | Tauren Totem |
| 11:30 | Arcanite Armor |
| 12:28 | Orc Burrow |
| 12:29 | Orc Burrow |
| 12:33 | Arcanite Melee Weapons |
| 13:38 | Pulverize |
| 13:39 | Spirit Walker Adept Training |
| 13:46 | Tauren |
| 14:30 | Spirit Lodge |
| 14:45 | Spirit Walker Master Training |
| 14:47 | Spirit Walker |
| 16:00 | Endurance Aura |
| 16:27 | Tauren |
| 17:00 | Wind Rider |
| 17:01 | Shaman |
| 17:01 | Troll Witch Doctor |
| 17:02 | Shaman Adept Training |
| 17:05 | Shaman |
| 17:08 | Shockwave |
| Right click | 401 |
| Select | 205 |
| Select group | 193 |
| Build/train/purchase | 58 |
| Chat | 53 |
| Use ability | 29 |
| Assign group | 28 |
| Misc. action | 12 |
| Minimap ping | 5 |
| Remove unit | 3 |
| Item give/drop | 1 |
145 units @ 19.1k
/ 2k
73 buildings @ 9k
/ 3.7k


| Scroll of Regeneration | 5 | 500 |
| Lesser Clarity Potion | 5 | 350 |
| Potion of Healing | 2 | 300 |
| Orb of Fire | 1 | 325 |
| Potion of Mana | 1 | 200 |
| Scroll of Town Portal | 1 | 350 |
| total: | 15 | 2025g |
| Peasant | 16 | 1200 | / | 0 |
| Footman | 5 | 675 | / | 0 |
| Rifleman | 5 | 1025 | / | 150 |
| Spell Breaker | 6 | 1290 | / | 180 |
| Knight | 1 | 245 | / | 60 |
| Flying Machine | 7 | 700 | / | 210 |
| Forest Troll Shadow Priest | 2 | 390 | / | 20 |
| Forest Troll Berserker | 1 | 245 | / | 30 |
| total: | 43 | 5770g | / | 650w |
| Scout Tower | 3 | 90 | / | 60 |
| Arcane Tower | 3 | 210 | / | 150 |
| Altar of Kings | 1 | 180 | / | 50 |
| Farm | 9 | 720 | / | 180 |
| Barracks | 1 | 160 | / | 60 |
| Lumber Mill | 1 | 120 | / | 0 |
| Town Hall | 1 | 385 | / | 205 |
| Arcane Vault | 1 | 130 | / | 30 |
| Blacksmith | 2 | 280 | / | 120 |
| Arcane Sanctum | 2 | 300 | / | 280 |
| Workshop | 1 | 140 | / | 140 |
| Keep | 1 | 320 | / | 210 |
| Castle | 1 | 360 | / | 210 |
| total: | 22 | 2505g | / | 1125w |
| 0:01 | Peasant |
| 0:02 | Peasant |
| 0:10 | Altar of Kings |
| 0:18 | Farm |
| 0:19 | Peasant |
| 0:47 | Peasant |
| 0:49 | Barracks |
| 0:54 | Peasant |
| 0:56 | Peasant |
| 1:04 | Farm |
| 1:15 | Peasant |
| 1:15 | Peasant |
| 1:25 | Lumber Mill |
| 1:48 | Peasant |
| 1:53 | Footman |
| 2:04 | Farm |
| 2:07 | Footman |
| 2:10 | Summon Water Elemental |
| 2:26 | Peasant |
| 2:32 | Footman |
| 2:45 | Footman |
| 2:47 | Improved Lumber Harvesting |
| 3:23 | Brilliance Aura |
| 3:47 | Town Hall |
| 4:09 | Keep |
| 4:18 | Arcane Vault |
| 4:20 | Scout Tower |
| 4:29 | Footman |
| 4:52 | Arcane Tower |
| 5:15 | Summon Water Elemental |
| 5:26 | Farm |
| 5:29 | Blacksmith |
| 5:32 | Blacksmith |
| 5:34 | Scroll of Regeneration |
| 5:35 | Lesser Clarity Potion |
| 6:51 | Scout Tower |
| 6:52 | Scout Tower |
| 7:07 | Rifleman |
| 7:16 | Peasant |
| 7:16 | Peasant |
| 7:16 | Peasant |
| 7:16 | Peasant |
| 7:19 | Scroll of Regeneration |
| 7:55 | Scroll of Regeneration |
| 7:55 | Lesser Clarity Potion |
| 7:56 | Arcane Tower |
| 7:58 | Arcane Tower |
| 8:01 | Rifleman |
| 8:06 | Arcane Sanctum |
| 8:09 | Arcane Sanctum |
| 8:14 | Storm Bolt |
| 9:28 | Lesser Clarity Potion |
| 9:32 | Scroll of Regeneration |
| 9:37 | Rifleman |
| 9:39 | Spell Breaker |
| 9:41 | Farm |
| 9:42 | Farm |
| 10:19 | Castle |
| 10:20 | Forest Troll Shadow Priest |
| 10:28 | Farm |
| 10:30 | Farm |
| 10:34 | Workshop |
| 10:43 | Brilliance Aura |
| 10:56 | Forest Troll Berserker |
| 11:26 | Spell Breaker |
| 11:27 | Rifleman |
| 11:36 | Potion of Healing |
| 12:00 | Spell Breaker |
| 12:36 | Spell Breaker |
| 12:53 | Rifleman |
| 13:08 | Forest Troll Shadow Priest |
| 13:27 | Bash |
| 14:16 | Scroll of Regeneration |
| 14:19 | Orb of Fire |
| 14:19 | Scroll of Town Portal |
| 14:30 | Lesser Clarity Potion |
| 14:30 | Lesser Clarity Potion |
| 14:31 | Potion of Mana |
| 14:36 | Farm |
| 14:37 | Peasant |
| 14:37 | Peasant |
| 14:40 | Animal War Training |
| 14:40 | Knight |
| 14:44 | Flak Cannons |
| 14:45 | Flying Machine |
| 14:45 | Flying Machine |
| 14:49 | Black Gunpowder |
| 14:53 | Spell Breaker |
| 15:10 | Potion of Healing |
| 15:56 | Storm Bolt |
| 16:30 | Flying Machine |
| 16:30 | Flying Machine |
| 16:30 | Flying Machine |
| 16:49 | Spell Breaker |
| 16:54 | Flying Machine |
| 16:54 | Flying Machine |
| Right click | 826 |
| Assign group | 484 |
| Select group | 458 |
| Select | 351 |
| Misc. action | 178 |
| Build/train/purchase | 143 |
| Use ability | 29 |
| Item give/drop | 2 |

| Scroll of Regeneration | 1 | 100 |
| Ivory Tower | 3 | 120 |
| total: | 4 | 220g |
| Peasant | 16 | 1200 | / | 0 |
| Footman | 6 | 810 | / | 0 |
| Rifleman | 6 | 1230 | / | 180 |
| Priest | 9 | 1215 | / | 90 |
| Knight | 4 | 980 | / | 240 |
| Sorceress | 1 | 155 | / | 20 |
| total: | 42 | 5590g | / | 530w |
| Scout Tower | 6 | 180 | / | 120 |
| Guard Tower | 6 | 420 | / | 300 |
| Altar of Kings | 1 | 180 | / | 50 |
| Barracks | 1 | 160 | / | 60 |
| Farm | 10 | 800 | / | 200 |
| Blacksmith | 1 | 140 | / | 60 |
| Arcane Vault | 1 | 130 | / | 30 |
| Lumber Mill | 1 | 120 | / | 0 |
| Town Hall | 3 | 1155 | / | 615 |
| Cannon Tower | 2 | 240 | / | 200 |
| Arcane Sanctum | 1 | 150 | / | 140 |
| Workshop | 1 | 140 | / | 140 |
| Keep | 1 | 320 | / | 210 |
| Castle | 1 | 360 | / | 210 |
| total: | 26 | 3155g | / | 1415w |
| 0:02 | Peasant |
| 0:02 | Peasant |
| 0:07 | Altar of Kings |
| 0:21 | Barracks |
| 0:23 | Peasant |
| 0:34 | Farm |
| 0:38 | Peasant |
| 0:50 | Farm |
| 0:53 | Peasant |
| 1:17 | Peasant |
| 1:18 | Peasant |
| 1:29 | Footman |
| 1:35 | Farm |
| 1:46 | Scout Tower |
| 1:50 | Peasant |
| 1:53 | Peasant |
| 2:08 | Footman |
| 2:22 | Blacksmith |
| 2:26 | Summon Water Elemental |
| 2:41 | Footman |
| 2:48 | Footman |
| 3:04 | Footman |
| 3:21 | Footman |
| 4:09 | Arcane Vault |
| 4:12 | Keep |
| 4:22 | Farm |
| 4:25 | Black Gunpowder |
| 4:42 | Lumber Mill |
| 4:57 | Farm |
| 5:08 | Rifleman |
| 5:22 | Rifleman |
| 5:30 | Scout Tower |
| 5:33 | Guard Tower |
| 6:43 | Blizzard |
| 6:49 | Arcane Sanctum |
| 6:52 | Guard Tower |
| 6:54 | Castle |
| 6:57 | Long Rifles |
| 6:58 | Rifleman |
| 7:29 | Town Hall |
| 8:00 | Scroll of Regeneration |
| 8:20 | Farm |
| 8:22 | Priest |
| 8:48 | Summon Water Elemental |
| 9:35 | Town Hall |
| 9:42 | Town Hall |
| 9:55 | Animal War Training |
| 10:00 | Rifleman |
| 10:00 | Rifleman |
| 10:00 | Rifleman |
| 10:07 | Peasant |
| 10:08 | Peasant |
| 10:08 | Peasant |
| 10:08 | Peasant |
| 10:11 | Improved Lumber Harvesting |
| 10:31 | Ivory Tower |
| 10:31 | Ivory Tower |
| 10:53 | Guard Tower |
| 11:06 | Peasant |
| 11:10 | Ivory Tower |
| 11:19 | Guard Tower |
| 11:34 | Priest |
| 11:35 | Priest |
| 11:35 | Priest |
| 11:35 | Priest |
| 11:46 | Peasant |
| 11:51 | Farm |
| 12:01 | Advanced Lumber Harvesting |
| 12:12 | Farm |
| 12:29 | Farm |
| 12:34 | Knight |
| 12:48 | Guard Tower |
| 13:35 | Workshop |
| 13:41 | Priest |
| 13:43 | Priest |
| 13:43 | Priest |
| 13:44 | Priest |
| 13:46 | Sorceress |
| 14:26 | Scout Tower |
| 14:33 | Farm |
| 14:38 | Scout Tower |
| 14:46 | Knight |
| 14:47 | Knight |
| 14:47 | Knight |
| 14:55 | Fragmentation Shards |
| 15:11 | Peasant |
| 15:18 | Scout Tower |
| 15:21 | Cannon Tower |
| 15:23 | Cannon Tower |
| 16:11 | Guard Tower |
| 16:16 | Scout Tower |
| Select | 248 |
| Right click | 193 |
| Build/train/purchase | 79 |
| Misc. action | 12 |
| Use ability | 9 |
| Remove unit | 3 |
| Item give/drop | 2 |


| Healing Salve | 1 | 100 |
| Lesser Clarity Potion | 6 | 420 |
| Scroll of Speed | 2 | 100 |
| Tiny Great Hall | 1 | 600 |
| Potion of Mana | 2 | 400 |
| Orb of Lightning | 1 | 375 |
| Scroll of Town Portal | 1 | 350 |
| Potion of Lesser Invulnerability | 1 | 150 |
| Scroll of Protection | 1 | 150 |
| total: | 16 | 2645g |
| Peon | 12 | 900 | / | 0 |
| Troll Headhunter | 13 | 1820 | / | 260 |
| Shaman | 5 | 650 | / | 100 |
| Troll Berserker | 9 | 1260 | / | 180 |
| Kodo Beast | 1 | 255 | / | 60 |
| total: | 40 | 4885g | / | 600w |
| War Mill | 1 | 205 | / | 0 |
| Orc Burrow | 5 | 800 | / | 200 |
| Barracks | 1 | 180 | / | 50 |
| Altar of Storms | 1 | 180 | / | 50 |
| Voodoo Lounge | 1 | 130 | / | 30 |
| Spirit Lodge | 2 | 300 | / | 300 |
| Beastiary | 1 | 145 | / | 140 |
| Stronghold | 1 | 315 | / | 190 |
| Fortress | 1 | 325 | / | 190 |
| total: | 12 | 1940g | / | 770w |
| 0:01 | Peon |
| 0:01 | Peon |
| 0:02 | Peon |
| 0:18 | War Mill |
| 0:22 | Peon |
| 0:32 | Orc Burrow |
| 0:48 | Barracks |
| 1:03 | Altar of Storms |
| 1:08 | Peon |
| 1:16 | Peon |
| 1:19 | Peon |
| 1:45 | Orc Burrow |
| 1:53 | Troll Headhunter |
| 2:05 | Troll Headhunter |
| 2:18 | Voodoo Lounge |
| 2:31 | Troll Headhunter |
| 3:02 | Serpent Ward |
| 3:08 | Troll Headhunter |
| 3:09 | Stronghold |
| 3:16 | Troll Headhunter |
| 3:29 | Troll Headhunter |
| 3:34 | Steel Ranged Weapons |
| 3:40 | Troll Headhunter |
| 3:59 | Healing Wave |
| 4:06 | Troll Headhunter |
| 4:07 | Orc Burrow |
| 4:09 | Healing Salve |
| 4:09 | Lesser Clarity Potion |
| 4:12 | Lesser Clarity Potion |
| 5:09 | Serpent Ward |
| 5:31 | Troll Regeneration |
| 5:41 | Spirit Lodge |
| 5:42 | Fortress |
| 6:00 | Lesser Clarity Potion |
| 6:00 | Scroll of Speed |
| 6:27 | War Stomp |
| 6:34 | Lesser Clarity Potion |
| 6:36 | Troll Headhunter |
| 6:39 | Berserker Strength |
| 6:44 | Spirit Lodge |
| 6:48 | Troll Headhunter |
| 7:01 | Troll Headhunter |
| 7:50 | Troll Headhunter |
| 7:52 | Orc Burrow |
| 8:06 | Shaman Adept Training |
| 9:13 | Berserker Upgrade |
| 9:14 | Troll Headhunter |
| 9:33 | Lesser Clarity Potion |
| 9:40 | Shaman Master Training |
| 9:41 | Shaman |
| 9:41 | Shaman |
| 9:44 | Beastiary |
| 10:19 | Troll Berserker |
| 10:30 | Tiny Great Hall |
| 10:39 | Endurance Aura |
| 10:56 | Potion of Lesser Invulnerability |
| 11:08 | Peon |
| 11:08 | Peon |
| 11:09 | Peon |
| 11:09 | Peon |
| 11:09 | Peon |
| 11:14 | Scroll of Protection |
| 11:18 | Shaman |
| 11:53 | Healing Wave |
| 12:16 | Shaman |
| 12:16 | Troll Berserker |
| 12:16 | Troll Berserker |
| 12:32 | War Drums Damage Increase |
| 12:32 | Kodo Beast |
| 13:09 | Orc Burrow |
| 13:17 | Troll Berserker |
| 13:17 | Troll Berserker |
| 14:03 | Troll Berserker |
| 14:03 | Troll Berserker |
| 14:09 | Lesser Clarity Potion |
| 14:09 | Scroll of Speed |
| 14:13 | Scroll of Town Portal |
| 14:17 | Potion of Mana |
| 14:22 | Potion of Mana |
| 14:25 | Orb of Lightning |
| 14:39 | Shaman |
| 14:42 | Thorium Ranged Weapons |
| 15:12 | Troll Berserker |
| 15:12 | Troll Berserker |
| 15:33 | Endurance Aura |
| Right click | 1919 |
| Select group | 757 |
| Select | 459 |
| Build/train/purchase | 119 |
| Use ability | 117 |
| Assign group | 83 |
| Item give/drop | 4 |
| Esc | 3 |
| Remove unit | 1 |


| Scroll of Regeneration | 1 | 100 |
| Lesser Clarity Potion | 1 | 70 |
| Potion of Mana | 2 | 400 |
| Potion of Healing | 3 | 450 |
| Staff of Teleportation | 1 | 150 |
| Orb of Lightning | 1 | 375 |
| total: | 9 | 1545g |
| Peasant | 10 | 750 | / | 0 |
| Rifleman | 7 | 1435 | / | 210 |
| Forest Troll Shadow Priest | 2 | 390 | / | 20 |
| Forest Troll Berserker | 1 | 245 | / | 30 |
| total: | 20 | 2820g | / | 260w |
| Lumber Mill | 1 | 120 | / | 0 |
| Blacksmith | 1 | 140 | / | 60 |
| Barracks | 1 | 160 | / | 60 |
| Altar of Kings | 1 | 180 | / | 50 |
| Farm | 8 | 640 | / | 160 |
| Arcane Vault | 1 | 130 | / | 30 |
| Keep | 1 | 320 | / | 210 |
| total: | 13 | 1370g | / | 360w |
| 0:06 | Peasant |
| 0:06 | Peasant |
| 0:07 | Peasant |
| 0:07 | Peasant |
| 0:07 | Peasant |
| 0:27 | Lumber Mill |
| 0:41 | Blacksmith |
| 0:45 | Peasant |
| 0:53 | Barracks |
| 1:01 | Peasant |
| 1:10 | Altar of Kings |
| 1:25 | Peasant |
| 1:30 | Improved Lumber Harvesting |
| 1:43 | Farm |
| 1:50 | Peasant |
| 1:54 | Farm |
| 1:56 | Farm |
| 2:19 | Peasant |
| 2:26 | Rifleman |
| 2:31 | Farm |
| 2:50 | Rifleman |
| 3:08 | Black Gunpowder |
| 3:21 | Holy Light |
| 3:38 | Forest Troll Shadow Priest |
| 4:28 | Farm |
| 5:13 | Forest Troll Berserker |
| 5:21 | Farm |
| 5:28 | Devotion Aura |
| 5:33 | Forest Troll Shadow Priest |
| 5:39 | Keep |
| 5:41 | Farm |
| 5:44 | Studded Leather Armor |
| 6:35 | Arcane Vault |
| 6:43 | Rifleman |
| 6:53 | Farm |
| 7:08 | Divine Shield |
| 7:12 | Rifleman |
| 7:15 | Scroll of Regeneration |
| 7:15 | Lesser Clarity Potion |
| 7:35 | Rifleman |
| 8:09 | Potion of Mana |
| 8:32 | Rifleman |
| 8:32 | Rifleman |
| 8:42 | Devotion Aura |
| 8:51 | Potion of Mana |
| 9:13 | Storm Bolt |
| 9:25 | Potion of Healing |
| 9:45 | Potion of Healing |
| 12:14 | Orb of Lightning |
| 12:16 | Potion of Healing |
| 12:42 | Staff of Teleportation |
| 14:09 | Divine Shield |
| Right click | 357 |
| Select | 154 |
| Select group | 77 |
| Build/train/purchase | 62 |
| Use ability | 32 |
| Assign group | 29 |
| Misc. action | 15 |
| Item give/drop | 4 |
⇛